 Dungeon Crawl Stone Soup version 0.22.0-27-ga576289 (webtiles) character file.

270 Dietz the Skirmisher (level 6, -2/52 HPs)
             Began as a Hill Orc Enchanter on Aug 21, 2018.
             Was a Believer of Dithmenos.
             Slain by an ogre
             ... wielding a +0 giant spiked club
              (11 damage)
             ... on level 4 of the Dungeon.
             The game lasted 00:07:00 (4050 turns).

Dietz the Skirmisher (Hill Orc Enchanter)           Turns: 4050, Time: 00:07:00

Health: -2/52      AC:  9    Str: 17    XL:     6   Next: 22%
Magic:  8/8        EV: 11    Int: 15    God:    Dithmenos [**....]
Gold:   234        SH:  0    Dex: 15    Spells: 7/8 levels left

rFire    . . .     SeeInvis .   r - +0 hand axe
rCold    . . .     Gourm    +   (no shield)
rNeg     . . .     Faith    .   j - +0 ring mail
rPois    .         Spirit   .   b - +0 helmet
rElec    .         Reflect  .   (no cloak)
rCorr    .         Harm     .   g - +0 pair of gloves
MR       .....                  s - +0 pair of boots
Stlth    ++........             u - amulet of the gourmand
HPRegen  0.17/turn              e - +3 ring of dexterity
MPRegen  0.11/turn              (no ring)

@: mighty, wreathed by umbra
A: no striking features
a: Shadow Step, Renounce Religion


You were on level 4 of the Dungeon.
You worshipped Dithmenos.
Dithmenos was pleased with you.
You were not hungry.

You visited 1 branch of the dungeon, and saw 4 of its levels.

You collected 234 gold pieces.

Inventory:

Hand Weapons
 a - a +1 dagger
 r - a +0 hand axe (weapon)
Missiles
 h - 177 stones (quivered)
 v - 23 poisoned needles
Armour
 b - a +0 helmet (worn)
 g - a +0 pair of gloves (worn)
 j - a +0 ring mail (worn)
 s - a +0 pair of boots (worn)
Jewellery
 e - a +3 ring of dexterity (left hand)
 u - an amulet of the gourmand (around neck)
Wands
 n - a wand of random effects (30)
 q - a wand of enslavement (34)
Scrolls
 c - 3 scrolls of identify {unknown}
 f - a scroll of blinking {unknown}
 i - a scroll of enchant armour {unknown}
 k - a scroll of noise {unknown}
 l - a scroll of immolation {unknown}
 m - a scroll of fog {unknown}
 p - 3 scrolls of teleportation {unknown}
Potions
 o - 2 potions of curing
 w - a potion of brilliance
Comestibles
 d - 11 rations


   Skills:
 + Level 4.2 Fighting
 - Level 1.0 Short Blades
 + Level 3.4 Axes
 + Level 3.9 Armour
 - Level 1.5 Dodging
 - Level 2.4 Stealth
 - Level 1.5 Spellcasting
 - Level 3.0 Hexes


You had 7 spell levels left.
You knew the following spells:

 Your Spells              Type           Power        Failure   Level  Hunger
a - Corona                Hex            ##.....      12%         1    ##.....

Your spell library contained the following spells:

 Spells                   Type           Power        Failure   Level  Hunger
 Ensorcelled Hibernation  Hex/Ice        #.....       32%         2    ###....
 Confuse                  Hex            ##......     34%         3    ####...
 Tukima's Dance           Hex            ##......     34%         3    ####...
 Dazzling Spray           Conj/Hex       #.....       54%         3    ####...


Dungeon Overview and Level Annotations

Branches:
Dungeon (4/15)
 Temple: D:4-7

Altars:
Dithmenos


Message History

The ogre shouts!
It was a potion of might.
You feel very mighty all of a sudden.
The ogre hits you with a giant spiked club!
You barely miss the ogre.
The ogre hits you with a giant spiked club!
You slash the ogre!
The ogre is moderately wounded.
The ogre hits you with a giant spiked club!!
* * * LOW HITPOINT WARNING * * *
You slash the ogre!
The ogre is heavily wounded.
The ogre closely misses you.
You barely miss the ogre.
The ogre is heavily wounded.
Okay, then.
You barely miss the ogre.
The ogre is heavily wounded.
The ogre hits you with a giant spiked club!
You die...

.. #.# ##...#...####
#.############..## #........#
#.(...###### ######.######.#
#....[...... #.............#
#.....###### ............####
##...## ###########.# ##.##
#O########.# #.@........########
#.##.###.#.#....... #....#
#.....###### ### #.##.###...###
#.######.#####.###...#..#
#....)....).)...........#
########.#####.##.#.##..########
### #.##.#......##.....
#######.##.#......##.####


You could see an ogre.

Vanquished Creatures
  A jelly (D:2)
  An orc wizard (D:4)
  Jessica (D:2)
  An iguana (D:4)
  A hound skeleton (D:4)
  4 adders
  2 oozes
  2 worms
  2 dart slugs
  3 leopard geckos
  3 orcs
  A ball python (D:3)
  4 giant cockroaches
  6 goblins
  5 hobgoblins
  12 jackals
  2 quokkas
  11 bats
  3 frilled lizards
  9 kobolds
  4 rats
78 creatures vanquished.

Vanquished Creatures (others)
  An orc wizard (D:4)
  A ball python (D:3)
  A frilled lizard (D:3)
3 creatures vanquished.

Grand Total: 81 creatures vanquished

Notes
Turn   | Place    | Note
-------+----------+-------------------------------------------
     0 | D:1      | Dietz the Hill Orc Enchanter began the quest for the Orb.
     0 | D:1      | Reached XP level 1. HP: 14/14 MP: 3/3
    73 | D:1      | Reached skill level 1 in Fighting
    84 | D:1      | Reached skill level 1 in Armour
    84 | D:1      | Reached XP level 2. HP: 3/23 MP: 1/4
   673 | D:1      | Reached skill level 2 in Fighting
   679 | D:1      | Reached XP level 3. HP: 20/29 MP: 2/5
  1255 | D:2      | Found a faded altar of an unknown god.
  1473 | D:2      | Became a worshipper of Dithmenos the Shadowed
  1473 | D:2      | Reached * piety under Dithmenos
  1557 | D:2      | Noticed Jessica
  1562 | D:2      | Reached XP level 4. HP: 37/37 MP: 6/6
  1567 | D:2      | Killed Jessica
  1567 | D:2      | Reached skill level 3 in Fighting
  1567 | D:2      | Reached skill level 1 in Axes
  1926 | D:2      | Reached XP level 5. HP: 10/45 MP: 7/7
  2722 | D:3      | Reached ** piety under Dithmenos
  3658 | D:4      | Reached skill level 4 in Fighting
  3658 | D:4      | Reached XP level 6. HP: 37/52 MP: 8/8
  4050 | D:4      | Slain by an ogre

Skill      XL: |  1  2  3  4  5 |
---------------+----------------+-----
Fighting       | 1 2 3 4 |  4.2
Armour         | 1 2 3 |  3.9
Axes           | 2 3 |  3.4
Short Blades   | |  1.0
Dodging        | |  1.5
Stealth        | |  2.4
Spellcasting   | |  1.5
Hexes          | |  3.0

Action                   |  1- 3 |  4- 6 || total
-------------------------+-------+-------++-------
Melee: Dagger            |   152 |       ||   152
       Hand axe          |    35 |   199 ||   234
 Cast: Corona            |     3 |       ||     3
  Use: Potion            |     3 |     5 ||     8
 Stab: Sleeping          |     2 |     2 ||     4
  Eat: Chunk             |     2 |    12 ||    14
Armor: Robe              |    13 |       ||    13
       Ring mail         |    76 |    74 ||   150
Dodge: Dodged            |   126 |   156 ||   282
